 Dungeon Crawl Stone Soup version 0.29.1-4-g47bece8355 (webtiles) character file.

Game seed: 16581238723409110606

1722 Senemut the Stinger (level 8, -7/62 HPs)
             Began as a Pale Draconian Venom Mage on Dec 9, 2022.
             Was a Priest of Lugonu.
             Shot with a sling bullet by Joseph (18 damage)
             ... on level 7 of the Dungeon.
             The game lasted 00:38:22 (7387 turns).

Senemut the Stinger (Pale Draconian Venom Mage)     Turns: 7387, Time: 00:38:23

Health: -7/62      AC:  9    Str: 17    XL:     8   Next: 75%
Magic:  14/14      EV: 12    Int: 24    God:    Lugonu [***...]
Gold:   32         SH:  0    Dex: 11    Spells: 1/16 levels left

rFire   . . .      SeeInvis .   v - +0 glaive (freeze)
rCold   . . .      Faith    .   (shield currently unavailable)
rNeg    . . .      Spirit   .   (body armour unavailable)
rPois   .          Reflect  .   (helmet restricted)
rElec   .          Harm     .   (no cloak)
rCorr   .          Rampage  .   s - +2 pair of gloves
Will    .....                   (no boots)
Stlth   ++........              (no amulet)
HPRegen 0.20/turn               g - +6 ring of intelligence
MPRegen 0.14/turn               n - +6 ring of strength

@: no status effects
A: breathe steam, AC +6, unfitting armour, cold-blooded, steam resistance
a: Breathe Steam, Renounce Religion, Depart the Abyss, Bend Space, Banish


You were on level 7 of the Dungeon.
You worshipped Lugonu.
Lugonu was most pleased with you.
You visited 1 branch of the dungeon, and saw 7 of its levels.

You collected 318 gold pieces.
You spent 286 gold pieces at shops.

Inventory:

Hand Weapons
 v - a +0 glaive of freezing (weapon)
Missiles
 h - a curare-tipped dart (quivered)
Armour
 s - a +2 pair of gloves (worn)
Jewellery
 g - a +6 ring of intelligence (left hand)
 n - a +6 ring of strength (right hand)
Wands
 e - a wand of polymorph (5)
 l - a wand of flame (12)
 p - a wand of iceblast (12)
Scrolls
 i - 2 scrolls of teleportation
 k - 2 scrolls of enchant armour
 r - a scroll of butterflies
 u - a scroll of immolation
 w - 3 scrolls of silence
Potions
 a - a potion of invisibility {unknown}
 b - a potion of degeneration
 c - 2 potions of attraction {unknown}
 d - a potion of cancellation {unknown}
 f - 2 potions of lignification {unknown}
 m - 2 potions of brilliance
 o - 3 potions of flight {unknown}
 q - 3 potions of berserk rage
 t - 2 potions of might {unknown}


   Skills:
 * Level 2.5 Fighting
 * Level 2.3(2.6) Maces & Flails
 * Level 2.1(2.4) Polearms
 * Level 1.7(2.8) Staves
 * Level 3.1 Dodging
 * Level 3.6 Stealth
 * Level 4.6 Spellcasting
 * Level 2.7 Conjurations
 * Level 0.4 Hexes
 * Level 0.6 Translocations
 * Level 2.9 Transmutations
 * Level 1.4 Fire Magic
 * Level 3.2 Air Magic
 * Level 5.1 Poison Magic
 * Level 2.0 Invocations
 * Level 2.1 Evocations


You had one spell level left.
You knew the following spells:

 Your Spells              Type           Power      Damage    Failure   Level
a - Olgreb's Toxic Radia  Pois           30%        N/A       11%         4
b - Poisonous Vapours     Pois/Air       50%        N/A       2%          2
c - Mephitic Cloud        Conj/Pois/Air  23%        N/A       6%          3
d - Ignite Poison         Fire/Tmut/Pois 20%        N/A       8%          3
e - Portal Projectile     Hex/Tloc       16%        N/A       22%         3

Your spell library contained the following spells:

 Spells                   Type           Power      Damage    Failure   Level
 Sting                    Tmut/Pois      96%        1d7       1%          1
 Blink                    Tloc           16%        N/A       11%         2
 Dazzling Flash           Conj/Hex       26%        N/A       14%         3
 Gell's Gravitas          Tloc           8%         N/A       22%         3
 Teleport Other           Tloc           8%         N/A       22%         3
 Call Canine Familiar     Summ           5%         N/A       28%         3
 Ozocubu's Armour         Ice            5%         N/A       28%         3
 Petrify                  Tmut/Erth      12%        N/A       45%         4
 Leda's Liquefaction      Hex/Erth       3%         N/A       63%         4
 Freezing Cloud           Conj/Ice/Air   7%         6-21      75%         5
 Silence                  Hex/Air        7%         N/A       75%         5
 Manifold Assault         Tloc           8%         N/A       89%         5
 Metabolic Englaciation   Hex/Ice        3%         N/A       93%         5
 Agony                    Necr           5%         N/A       95%         5
 Dispersal                Tloc           4%         N/A       100%        6
 Simulacrum               Ice/Necr       2%         N/A       100%        6
 Statue Form              Tmut/Erth      8%         N/A       100%        6
 Storm Form               Tmut/Air       10%        N/A       100%        7


Dungeon Overview and Level Annotations

Branches:
Dungeon (7/15)             Temple (0/1) D:5

Altars:
Cheibriados
Elyvilon
Fedhas
Uskayaw
Xom
Lugonu

Shops:
D:4 !*   D:5 ?   D:6 *

Annotations:
D:7 Joseph


Innate Abilities, Weirdness & Mutations

You can breathe blasts of scalding, opaque steam.
Your pale cyan-grey scales are hard. (AC +6)
You cannot fit into any form of body armour.
You are cold-blooded and may be slowed by cold attacks.
You are immune to the effects of steam.


Message History

An ogre comes into view. It is wielding a +0 giant club.
Found a stone staircase leading down.
Aiming: Breathe Steam (1% risk of failure)
Press: ? - help, Shift-Dir - straight line, f - ogre
Aim: an ogre, wielding a +0 giant club (wandering, hasn't noticed you, 86% to hit)
You exhale a blast of scalding steam.
The ball of steam hits the ogre!
The ogre is moderately wounded.
The ogre shouts!
The ogre is engulfed in a cloud of scalding steam.
The ogre hits you with a +0 giant club!!
Joseph, a Mercenary comes into view.
He is wielding a +2 vorpal quarterstaff.
The ogre is engulfed in a cloud of scalding steam.
You kill the ogre!
Lugonu accepts your kill.
Joseph unwields a +2 vorpal quarterstaff.
Joseph wields a +0 sling.
Joseph shoots a sling bullet.
The sling bullet hits you.
Aiming: Polymorph
Press: ? - help, Shift-Dir - straight line, f - Joseph
Aim: Joseph, wielding a +0 sling and wearing a +0 ring mail (will become a golden eye, a tengu, or a swamp drake, chance to affect: 37%) Joseph easily resists.
Joseph shoots a sling bullet.
The sling bullet hits you!
Unknown command.
Aiming: Polymorph
Press: ? - help, Shift-Dir - straight line, f/p - Joseph
Aim: Joseph, wielding a +0 sling and wearing a +0 ring mail (will become a golden eye, a tengu, or a swamp drake, chance to affect: 37%) Joseph easily resists.
Aiming: Polymorph
Press: ? - help, Shift-Dir - straight line, f/p - Joseph
Aim: Joseph, wielding a +0 sling and wearing a +0 ring mail (will become a golden eye, a tengu, or a swamp drake, chance to affect: 37%) Joseph easily resists.
You have got your breath back.
Joseph shoots a sling bullet.
The sling bullet hits you!
* * * LOW HITPOINT WARNING * * *
Blink to where?
Press: ? - help, Dir - move target, p - Joseph
As you read the scroll of blinking, it crumbles to dust.
Joseph shoots a sling bullet.
The sling bullet hits you!
* * * LOW HITPOINT WARNING * * *
Joseph shoots a sling bullet.
The sling bullet hits you!!
You die...

#. #.#.. ..# #.#
#.#.##.####### #.#
#.#.@......... #.#
#...##.#####.#
#.###..###.#####.#
#.#....# #.......#
#...#.## #.......#
#..##.####.......#
#@....)...........
#####.####.......#
#.# #.......# #.#
######... #.# #.#.
#.#. #.#. #.#.


You could see Joseph.

Vanquished Creatures
  A steam dragon (D:4)
  Menkaure (D:5)
  Edmund (D:5)
  A water moccasin (D:7)
  2 orc warriors (D:6)
  3 ogres
  A centaur (D:5)
  A kobold brigand (D:6)
  3 scorpions
  2 jellies (D:5)
  3 orc priests (D:6)
  2 hounds (D:5)
  2 iguanas (D:5)
  An orc wizard (D:6)
  7 adders
  A gnoll (D:4)
  2 shadow imps
  2 worms
  3 dart slugs
  11 orcs
  7 endoplasms
  5 giant cockroaches
  6 goblins
  9 hobgoblins
  8 jackals
  5 quokkas
  6 ball pythons
  3 frilled lizards
  12 kobolds
  8 rats
119 creatures vanquished.

Notes
Turn   | Place    | Note
-------+----------+-------------------------------------------
     0 | D:1      | Senemut the Draconian Venom Mage began the quest for the
                  | Orb.
     0 | D:1      | Reached XP level 1. HP: 14/14 MP: 3/3
   266 | D:2      | Reached XP level 2. HP: 18/20 MP: 1/5
   269 | D:2      | Learned a level 2 spell: Poisonous Vapours
   532 | D:3      | Noticed a +0 dagger
   533 | D:3      | Noticed a +0 spear
   534 | D:3      | Noticed a +0 short sword
   534 | D:3      | Noticed a +0 falchion
   534 | D:3      | Noticed a +0 dagger
   534 | D:3      | Noticed a +0 falchion
   535 | D:3      | Noticed a +0 short sword
   536 | D:3      | Noticed a +0 spear
   541 | D:3      | Found a hide-covered altar of Uskayaw.
   613 | D:3      | Reached XP level 3. HP: 21/26 MP: 1/6
   665 | D:3      | Learned a level 3 spell: Mephitic Cloud
   865 | D:3      | Noticed a scorpion
   877 | D:3      | Killed a scorpion
   878 | D:3      | Reached XP level 4. HP: 29/33 MP: 0/8
  1086 | D:3      | Reached skill level 1 in Air Magic
  1528 | D:4      | Found Vuissun's Distillery.
  1533 | D:4      | Bought a potion of curing for 33 gold pieces
  1623 | D:4      | Found a shimmering altar of Xom.
  1726 | D:4      | Noticed a scorpion
  1734 | D:4      | Killed a scorpion
  1735 | D:4      | Reached skill level 4 in Poison Magic
  1735 | D:4      | Reached XP level 5. HP: 26/39 MP: 4/9
  1781 | D:4      | Learned a level 4 spell: Olgreb's Toxic Radiance
  1806 | D:4      | Found Boomaci's Assorted Antiques.
  1813 | D:4      | Noticed a steam dragon
  1840 | D:4      | Killed a steam dragon
  1841 | D:4      | Reached skill level 1 in Fighting
  1841 | D:4      | Reached skill level 1 in Conjurations
  1841 | D:4      | Reached XP level 6. HP: 42/47 MP: 1/10
  2068 | D:4      | Found a snail-covered altar of Cheibriados.
  2230 | D:4      | Reached skill level 1 in Maces & Flails
  2507 | D:4      | Bought a glowing copper wand for 92 gold pieces
  2637 | D:2      | Found a faded altar of an unknown god.
  2774 | D:2      | Prayed at the altar of an unknown god.
  2774 | D:2      | Became a worshipper of Lugonu the Unformed
  2774 | D:2      | Reached * piety under Lugonu
  2774 | D:2      | Reached ** piety under Lugonu
  4873 | D:5      | Entered Level 5 of the Dungeon
  4957 | D:5      | Noticed Edmund
  4977 | D:5      | Killed Edmund
  4978 | D:5      | Your scales start taking on a pale cyan-grey colour.
  4978 | D:5      | Reached XP level 7. HP: 46/52 MP: 0/12
  4978 | D:5      | Gained mutation: You are immune to the effects of steam.
                  | [Pale Draconian growth]
  5014 | D:5      | Reached skill level 1 in Evocations
  5044 | D:5      | Reached skill level 1 in Polearms
  5044 | D:5      | Reached skill level 1 in Invocations
  5071 | D:5      | Found a staircase to the Ecumenical Temple.
  5088 | D:5      | Found Xones's Magic Scroll Boutique.
  5091 | D:5      | Bought a scroll of identify for 28 gold pieces
  5091 | D:5      | Bought a scroll of identify for 28 gold pieces
  5091 | D:5      | Bought a scroll of identify for 28 gold pieces
  5113 | D:5      | Noticed Menkaure
  5118 | D:5      | Killed Menkaure
  5118 | D:5      | Reached *** piety under Lugonu
  5119 | D:5      | Reached skill level 1 in Staves
  5131 | D:5      | Learned a level 3 spell: Ignite Poison
  5306 | D:5      | Found a white marble altar of Elyvilon.
  5328 | D:5      | Reached XP level 8. HP: 61/61 MP: 8/14
  6099 | D:6      | Reached skill level 1 in Fire Magic
  6918 | D:6      | Learned a level 3 spell: Portal Projectile
  7049 | D:6      | Found Sourix's General Store.
  7055 | D:6      | Bought a potion of berserk rage for 55 gold pieces
  7055 | D:6      | Bought a scroll of identify for 22 gold pieces
  7222 | D:6      | Reached skill level 5 in Poison Magic
  7293 | D:7      | Found a blossoming altar of Fedhas.
  7369 | D:7      | Noticed Joseph
  7387 | D:7      | Shot with a sling bullet by Joseph

Illustrated notes

Levels and vault maps discovered:
D:1:      dpeg_arrival_shrine, layout_loops_corners, minmay_3d_cube
D:2:      layout_basic, ebering_ecumenical_altar_petrified
D:3:      layout_loops_ring, nicolae_uskayaw_en_pointe, hangedman_decor_points
D:4:      layout_rooms, kennysheep_mini, kennysheep_slug_shrine, serial_shops,
          shop, nicolae_shop_behind_doors, hangedman_decor_slide_cut,
          kennysheep_diamond
D:5:      layout_rooms, lemuel_tele_altar, minmay_temple_entry_butterflies,
          serial_shops, kennysheep_mini_moat, uniq_menkaure, uniq_edmund
D:6:      layout_basic, serial_shops, shop
D:7:      layout_basic, fedhas_altar_2, minmay_fire_ice_demons, uniq_joseph

Skill      XL: |  1  2  3  4  5  6  7  8 |
---------------+-------------------------+-----
Stealth        | 2 3 |  3.6
Dodging        | 2 3 |  3.1
Air Magic      | 1 2 3 |  3.2
Spellcasting   | 3 4 |  4.6
Poison Magic   | 4 5 |  5.1
Fighting       | 1 2 |  2.5
Conjurations   | 1 2 |  2.7
Transmutations | 2 |  2.9
Maces & Flails | 1 2 |  2.3
Evocations     | 1 2 |  2.1
Polearms       | 1 2 |  2.1
Invocations    | 1 2 |  2.0
Staves         | 1 |  1.7
Fire Magic     | 1 |  1.4
Hexes          | |  0.4
Translocations | |  0.6

Action                   |  1- 3 |  4- 6 |  7- 9 || total
-------------------------+-------+-------+-------++-------
Melee: Unarmed           |     1 |     2 |       ||     3
       Mace              |       |    45 |       ||    45
       Punch             |       |     1 |       ||     1
       Tailslap          |       |     7 |     6 ||    13
       Glaive            |       |     7 |    19 ||    26
 Cast: Sting             |    27 |     3 |       ||    30
       Poisonous Vapours |    10 |    38 |     8 ||    56
       Mephitic Cloud    |     1 |     3 |     2 ||     6
       Olgreb's Toxic Ra |       |     9 |     2 ||    11
       Ignite Poison     |       |       |     6 ||     6
 Abil: Breathe Steam     |       |       |    22 ||    22
Evoke: Wand              |       |     5 |     6 ||    11
  Use: Potion            |     2 |     3 |     3 ||     8
       Scroll            |     2 |    11 |     7 ||    20
 Stab: Sleeping          |       |     1 |       ||     1
       Confused          |       |     2 |     1 ||     3
Armor: Skin              |    14 |    34 |    12 ||    60
Dodge: Dodged            |    33 |    79 |    27 ||   139
